 Dungeon Crawl Stone Soup version 0.32-a0-928-g1cae6b7ea0 (webtiles) character file.

Game seed: 14232589705658877592

304 timneilson the Ruffian (level 6, -9/39 HPs)
             Began as an Octopode Shapeshifter on Apr 12, 2024.
             Mangled by an ogre
             ... wielding a +0 giant club
              (32 damage)
             ... on level 5 of the Dungeon.
             The game lasted 00:05:07 (2833 turns).

timneilson the Ruffian (Octopode Shapeshifter)      Turns: 2833, Time: 00:05:07

Health: -9/39      AC:  1    Str: 21    XL:     6   Next: 38%
Magic:  6/6        EV: 13    Int: 13    God:
Gold:   245        SH:  0    Dex: 17    Spells: 5/5 levels left

rFire   . .          .
                       - Unarmed
rCold   . . .        (no shield)
rNeg    . . .        (helmet currently unavailable)
rPois   .            (no amulet)
rElec   .            e - +6 ring of dexterity
rCorr   .            f - +6 ring of strength
SInv    .            (no ring)
Will    .....        (no ring)
Stlth   +++          (no ring)
HPRegen 0.26/turn    (no ring)
MPRegen 0.10/turn    (no ring)
                     (no ring)

%: no passive effects
@: beast-form
A: beast (slay +2), almost no armour, amphibious, 8 rings, camouflage 1,
gelatinous body 1, (nimble swimmer 1), tentacles
a: Begin Untransformation


You were on level 5 of the Dungeon.
You were a hulking beast.
You visited 1 branch of the dungeon, and saw 5 of its levels.

You collected 245 gold pieces.

Inventory:

Jewellery
 e - a +6 ring of dexterity (left tentacle)
 f - a +6 ring of strength (right tentacle)
Talismans
 b - a beast talisman (active)
 c - a flux talisman
Scrolls
 d - a scroll of enchant weapon
 g - 3 scrolls of amnesia
Potions
 a - a potion of lignification
 i - 3 potions of heal wounds
 j - a potion of berserk rage
 k - a potion of resistance {unknown}
 l - 2 potions of curing
 m - 2 potions of enlightenment {unknown}
 o - a potion of attraction {unknown}


   Skills:
 + Level 2.2 Fighting
 * Level 3.5 Dodging
 + Level 2.5 Stealth
 * Level 4.4 Unarmed Combat
 * Level 4.1 Shapeshifting


You had 5 spell levels left.
You didn't know any spells.
Your spell library was empty.

Dungeon Overview and Level Annotations

Branches:
Dungeon (5/15)
 Temple: D:4-7

Altars:
Hepliaklqana

Shops:
D:1 *

Annotations:
D:5 Pikel


Innate Abilities, Weirdness & Mutations

You are a hulking beast.
Your limbs bulge with bestial killing power. (Slay +2)
You cannot wear most types of armour.
You are amphibious.
You can wear up to eight rings at the same time.
Your skin changes colour to match your surroundings (Stealth+).
Your rubbery body absorbs attacks. (AC +1, EV +1)
((You are camouflaged when in or above water. (Stealth+)))
You have tentacles for arms and can constrict up to eight enemies at once.


Message History

You climb upwards.
There is a stone staircase leading down here.
You closely miss the ufetubus. Your grab misses the ufetubus.
Your squeeze misses the ufetubus. The ufetubus barely misses you.
The ufetubus closely misses you. x2; The ufetubus barely misses you.
You barely miss the ufetubus. Your grab misses the ufetubus.
The ufetubus closely misses you. x2
You tentacle-slap the ufetubus. You grab the ufetubus.
You squeeze the ufetubus!
You kill the ufetubus!
There is an open door here.
There is a stone staircase leading down here.
You start resting.
HP restored.
You climb downwards.
Level annotation: Pikel The ogre closely misses you.
There is a stone staircase leading up here.
You barely miss the ogre. The ogre hits you with a +0 giant club!
You tentacle-slap the ogre.
The ogre is lightly wounded.
A hound comes into view.
You barely miss the ogre.
The hound barks!
You squeeze the ogre!
The ogre is heavily wounded.
The ogre barely misses you.
You tentacle-slap the ogre.
The ogre is heavily wounded.
The hound bites you. The ogre closely misses you.
You barely miss the ogre.
The ogre is heavily wounded.
The hound misses you. The hound bites you but does no damage.
Unknown command.
You tentacle-slap the ogre.
The ogre is severely wounded.
The hound bites you.
The ogre hits you with a +0 giant club!!
Ouch! That really hurt!
You die...

## .. .###
...
#########..
#.....# ...
#.###.#
##h##########
#.#<#.#
#.Oh.........
#.#.#.#
#.###..#####
#5#...# #
#....#
#5#####
#.##.# #K #.#
.# ## #.# #
#.# ..# ###


You could see an ogre and a hound.

Vanquished Creatures
  A scorpion (D:4)
  2 hounds (D:4)
  An orc wizard (D:4)
  9 adders
  2 ufetubi
  2 dart slugs
  A ribbon worm (D:4)
  3 orcs
  5 endoplasms
  2 giant cockroaches
  7 goblins
  3 hobgoblins
  3 jackals (D:1)
  6 kobolds
  A quokka (D:1)
  7 ball pythons
  4 bats
  5 frilled lizards
  4 rats
  A spectral kobold (D:1)
69 creatures vanquished.

Notes
Turn   | Place    | Note
-------+----------+-------------------------------------------
     0 | D:1      | timneilson the Octopode Shapeshifter began the quest for
                  | the Orb.
     0 | D:1      | Reached XP level 1. HP: 13/13 MP: 1/1
   101 | D:1      | Found Kuson's Assorted Antiques.
   137 | D:1      | Reached XP level 2. HP: 13/18 MP: 2/2
   340 | D:1      | Found a faded altar of an unknown god.
   399 | D:1      | Reached skill level 1 in Stealth
   453 | D:1      | Reached XP level 3. HP: 19/23 MP: 3/3
   785 | D:2      | Reached XP level 4. HP: 24/28 MP: 4/4
  1288 | D:3      | Reached XP level 5. HP: 17/34 MP: 5/5
  1375 | D:3      | Found a hazy altar of Hepliaklqana.
  2199 | D:4      | Reached XP level 6. HP: 39/39 MP: 6/6
  2712 | D:5      | Entered Level 5 of the Dungeon
  2713 | D:5      | Noticed an ice beast
  2771 | D:5      | Noticed Pikel
  2833 | D:5      | Mangled by an ogre

Illustrated notes

Levels and vault maps discovered:
D:1:      amcnicky_arrival_single_pillar, layout_rooms, serial_shops, shop,
          dreamdust_ecumenical_altar_drowned_temple
D:2:      layout_rooms
D:3:      layout_loops_ring, nzn_hepliaklqana_mist_gate
D:4:      layout_gridville
D:5:      layout_basic, vehumet_crystals, uniq_pikel

Skill      XL: |  1  2  3  4  5  6 |
---------------+-------------------+-----
Stealth        | 1 2 |  2.5
Dodging        | 3 |  3.5
Unarmed Combat | 4 |  4.4
Fighting       | 2 |  2.2
Shapeshifting  | 4 |  4.1

Action                     |  1- 3 |  4- 6 || total
---------------------------+-------+-------++-------
  Melee: Unarmed           |    55 |    73 ||   128
         Constrict         |    18 |    19 ||    37
         Tentacles         |    13 |    14 ||    27
         Punch             |     2 |     1 ||     3
    Use: Scroll            |     5 |     7 ||    12
   Stab: Sleeping          |    11 |     7 ||    18
 Armour: Skin              |    24 |    37 ||    61
  Dodge: Dodged            |    31 |    40 ||    71

Table legend: (Time is in decaauts)
 A = Elapsed time spent in this place.
 B = Non-inter-level travel time spent in this place.
 C = Inter-level travel time spent in this place.
 D = Time resting spent in this place.
 E = Time spent auto-exploring this place.
 F = Levels seen in this place.
 G = Mean time per level.
                   A        B        C        D        E       F      G
               +--------+--------+--------+--------+--------+-----+--------+
         Total |   2823 |   2704 |    119 |    182 |   2073 |   5 |  564.6 |
       Dungeon |   2823 |   2704 |    119 |    182 |   2073 |   5 |  564.6 |
               +--------+--------+--------+--------+--------+-----+--------+

Top non-repeatable levels by time:
     D:4: 1024 daAuts
     D:3: 734 daAuts
     D:2: 516 daAuts
     D:1: 510 daAuts
     D:5: 38 daAuts
